 Dungeon Crawl Stone Soup version 0.30-a0-1124-g6e8f0f562f (webtiles) character file.

Game seed: 8527398211319475449

22 voltaire321 the Conjurer (level 2, -2/17 HPs)
             Began as an Octopode Conjurer on Apr 23, 2023.
             Slain by a kobold
             ... wielding a +0 dagger
              (4 damage)
             ... on level 2 of the Dungeon.
             The game lasted 00:02:24 (900 turns).

voltaire321 the Conjurer (Octopode Conjurer)         Turns: 900, Time: 00:02:24

Health: -2/17      AC:  1    Str:  6    XL:     2   Next: 91%
Magic:  2/5        EV: 13    Int: 20    God:
Gold:   39         SH:  0    Dex: 10    Spells: 4/5 levels left

rFire   . . .        b - +0 dagger
rCold   . . .        (no shield)
rNeg    . . .        (helmet restricted)
rPois   .            (no amulet)
rElec   .            (no ring)
rCorr   .            (no ring)
SInv    .            (no ring)
Will    .....        (no ring)
Stlth   +++          (no ring)
HPRegen 0.22/turn    (no ring)
MPRegen 0.09/turn    (no ring)
                     (no ring)

%: no passive effects
@: no status effects
A: almost no armour, amphibious, 8 rings, camouflage 1, gelatinous body 1,
(nimble swimmer 1), tentacles
a: no special abilities


You were on level 2 of the Dungeon.
You visited 1 branch of the dungeon, and saw 2 of its levels.

You collected 39 gold pieces.

Inventory:

Hand Weapons
 b - a +0 dagger (weapon)
Scrolls
 c - 2 scrolls of identify {unknown}
 d - a scroll of poison {unknown}
 f - a scroll of butterflies {unknown}
 h - a scroll of acquirement {unknown}
Potions
 a - a potion of magic
 e - a potion of curing {unknown}
 g - a potion of flight {unknown}
 i - a potion of invisibility {unknown}


   Skills:
 + Level 2.3 Dodging
 + Level 3.2 Stealth
 + Level 2.3 Spellcasting
 + Level 4.2 Conjurations


You had 4 spell levels left.
You knew the following spells:

 Your Spells              Type           Power      Damage    Failure   Level
a - Magic Dart            Conj           76%        1d6       2%          1

Your spell library contained the following spells:

 Spells                   Type           Power      Damage    Failure   Level
 Searing Ray              Conj           38%        2d5       4%          2
 Dazzling Flash           Conj/Hex       20%        N/A       19%         3
 Scorch                   Fire           4%         2d5       24%         2
 Sublimation of Blood     Necr           2%         N/A       24%         2
 Flame Wave               Conj/Fire      10%        2d6       54%         4
 Fulminant Prism          Conj/Hex       5%         3d7       54%         4
 Iskenderun's Mystic Bla  Conj/Tloc      10%        2d4       54%         4
 Petrify                  Tmut/Erth      2%         N/A       83%         4
 Irradiate                Conj/Tmut      5%         3d13      87%         5
 Summon Cactus Giant      Summ           1%         N/A       100%        6


Dungeon Overview and Level Annotations

Branches:
Dungeon (2/15)

Altars:


Innate Abilities, Weirdness & Mutations

You cannot wear most types of armour.
You are amphibious.
You can wear up to eight rings at the same time.
Your skin changes colour to match your surroundings (Stealth+).
Your rubbery body absorbs attacks. (AC +1, EV +1)
((You are camouflaged when in or above water. (Stealth+)))
You have tentacles for arms and can constrict up to eight enemies at once.


Message History

The endoplasm is severely wounded.
The endoplasm freezes you.
You are frozen.
You hit the endoplasm but do no damage.
The endoplasm is severely wounded.
The endoplasm hits you.
You hit the endoplasm.
The endoplasm is almost dead.
The endoplasm freezes you.
You are frozen.
A kobold comes into view. It is wielding a +0 dagger.
The kobold shouts!
You hit the endoplasm.
You kill the endoplasm!
You closely miss the jackal. Your grab misses the jackal. The jackal bites you.
You closely miss the jackal. You grab the jackal. You constrict the jackal.
The jackal barely misses you. The jackal misses you.
You hit the jackal.
You kill the jackal!
You hit the jackal. Your grab misses the jackal.
The jackal is heavily wounded.
The jackal closely misses you. The jackal misses you.
You barely miss the jackal. Your grab misses the jackal.
The jackal is heavily wounded.
The jackal bites you.
You hit the jackal. You grab the jackal. You squeeze the jackal.
You kill the jackal!
You hit the kobold but do no damage. Your grab misses the kobold.
The kobold hits you with a +0 dagger.
* * * LOW HITPOINT WARNING * * *
You barely miss the kobold. Your grab misses the kobold.
The kobold barely misses you.
You closely miss the kobold. You grab the kobold.
You constrict the kobold, but do no damage.
The kobold hits you with a +0 dagger.
* * * LOW HITPOINT WARNING * * *
You barely miss the kobold.
You squeeze the kobold, but do no damage.
You constrict the kobold. The kobold hits you with a +0 dagger.
You die...

#.# .#. .J #.#
.#..h #.# .?#h #.#
..h## #.# ....#
##.##....#
##...#...#
######....[.##..
#..@K..<..........
#.######.#########
.. ...# ... #####
###


You could see a kobold.

Vanquished Creatures
  A ball python (D:1)
  2 endoplasms
  A giant cockroach (D:1)
  A goblin (D:1)
  3 hobgoblins
  4 jackals (D:2)
  3 kobolds (D:1)
  3 frilled lizards
18 creatures vanquished.

Notes
Turn   | Place    | Note
-------+----------+-------------------------------------------
     0 | D:1      | voltaire321 the Octopode Conjurer began the quest for the
                  | Orb.
     0 | D:1      | Reached XP level 1. HP: 11/11 MP: 3/3
   416 | D:1      | Reached XP level 2. HP: 17/17 MP: 0/5
   839 | D:1      | Found a faded altar of an unknown god.
   900 | D:2      | Slain by a kobold

Illustrated notes

Levels and vault maps discovered:
D:1:      evilmike_arrival_fibonacci_small, layout_basic,
          ebering_ecumenical_altar_hall, minmay_tall_x
D:2:      layout_loops_ring, dreamdust_princess_corridor, minmay_misc_feat_chi,
          grunt_decor_cap, kennysheep_generic_room_7, uniq_terence

Skill      XL: |  1 |
---------------+----+-----
Stealth        | 3 |  3.2
Dodging        | |  2.3
Spellcasting   | |  2.3
Conjurations   | |  4.2

Action                     || total
---------------------------++-------
  Melee: Dagger            ||    20
         Constrict         ||     6
         Tentacles         ||     3
         Unarmed           ||     1
   Cast: Magic Dart        ||    27
  Dodge: Dodged            ||     9

Table legend: (Time is in decaauts)
 A = Elapsed time spent in this place.
 B = Non-inter-level travel time spent in this place.
 C = Inter-level travel time spent in this place.
 D = Time resting spent in this place.
 E = Time spent auto-exploring this place.
 F = Levels seen in this place.
 G = Mean time per level.
                   A        B        C        D        E       F      G
               +--------+--------+--------+--------+--------+-----+--------+
         Total |    899 |    899 |      0 |     38 |    714 |   2 |  449.5 |
       Dungeon |    899 |    899 |      0 |     38 |    714 |   2 |  449.5 |
               +--------+--------+--------+--------+--------+-----+--------+

Top non-repeatable levels by time:
     D:1: 857 daAuts
     D:2: 42 daAuts
